Map: Odyssey LE

Players

Yata

  • Race: Zerg Zerg
  • League: Gold
  • Spawn Location: 11:00

Jerpes - Winner!

  • Race: Zerg Zerg
  • League: Gold
  • Spawn Location: 5:00

VOD

Have the link to the VOD?

Description

Time

  • Played on: Sept. 7, 2017, 11:29 p.m.
  • Length: 6:34
Show
View Real Time Build Order
Export as new Build Order

Yata Zerg 

Build Orders: Pool First 

Get SALT Encoding   

  12  0:00  Drone  
  13  0:12  Overlord  
  13  0:19  Drone  
  14  0:30  Drone x2  
  14  0:34  Drone  
  17  0:48  Spawning Pool  
  17  0:49  Drone  
  17  1:03  Extractor, Drone  
  17  1:19  Drone  
  17  1:22  Hatchery, Drone  
  18  1:28  Drone  
  19  1:35  Queen  
  21  1:42  Overlord  
  21  1:51  Zergling x2  
  22  2:01  Zergling x2  
  23  2:12  Zergling x2  
  24  2:16  Metabolic Boost  
  24  2:24  Drone  
  25  2:42  Drone  
  25  2:43  Drone  
  27  2:45  Queen  
  27  2:49  Drone  
  27  2:50  Drone x4  
  34  2:58  Baneling Nest  
  33  3:06  Drone  
  33  3:07  Drone, Evolution Chamber  
  34  3:13  Lair  
  34  3:25  Zergling x4  
  36  3:29  Overlord x2  
  36  3:30  Overlord  
  36  3:49  Zergling x4  
  36  3:50  Zergling x6  
  36  3:55  Drone x6  
  47  4:04  Zerg Melee Weapons Level 1  
  47  4:07  Extractor  
  46  4:13  Baneling  
  46  4:16  Extractor  
  45  4:19  Drone x4  
  45  4:20  Drone  
  50  4:25  Baneling  
  50  4:26  Baneling  
  50  4:48  Hatchery  
  49  5:01  Zergling x2  
  49  5:02  Zergling x8  
  31  5:23  Zergling x12  
  17  5:44  Zergling x8  
  16  5:53  Drone x2  
  16  5:55  Baneling  
  16  5:56  Baneling x3  
  18  5:58  Queen  
  22  6:16  Zergling x12  
Show
View Real Time Build Order
Export as new Build Order

Jerpes Zerg - Winner!

Build Orders: Pool First 

Get SALT Encoding   

  12  0:01  Drone  
  13  0:09  Drone  
  14  0:16  Overlord  
  14  0:25  Extractor, Drone  
  14  0:45  Drone  
  14  0:46  Spawning Pool  
  14  0:49  Drone  
  15  0:53  Drone  
  16  0:58  Drone  
  17  1:07  Drone  
  18  1:28  Hatchery  
  17  1:37  Metabolic Boost  
  17  1:40  Zergling x2  
  18  1:48  Queen  
  20  1:55  Overlord  
  20  2:07  Drone  
  20  2:08  Drone  
  22  2:28  Queen  
  24  2:32  Drone x3  
  27  2:48  Queen  
  28  2:52  Zergling x4  
  28  2:53  Zergling x2  
  31  3:03  Zergling x8  
  31  3:04  Zergling x2  
  36  3:16  Baneling Nest  
  35  3:23  Zergling x2  
  36  3:39  Overlord  
  36  3:40  Overlord x3  
  36  3:58  Zergling x8  
  36  3:59  Zergling x10  
  45  4:38  Zergling x2  
  45  4:39  Zergling x16  
  45  4:40  Zergling x2  
  55  5:06  Baneling x6  
  55  5:07  Baneling  
  38  5:52  Zergling x14  
  38  5:53  Zergling x8  
  48  5:58  Baneling x6  
  48  5:59  Baneling x3  
  48  6:05  Drone x2  
Tags
 
League
GoldGold
Matchup
ZvZ
Race
Zerg
Replay Pack
Pack 1
Spawn Locations
Cross Positions
Add a new tag
Caveats
  • Supply blocks, unpowered buildings, or Contaminate may cause inaccurate times.
  • Supply counts are checked every 10 seconds.